WCHLSIM.com - West Coast Hockey League
html PUBLIC "-//W3C//DTD XHTML 1.0 Transitional//EN" "http://www.w3.org/TR/xhtml1/DTD/xhtml1-transitional.dtd"> WCHL - Game 781 - VICTORIA GLADIATORS vs LOS ANGELES SEALS

VICTORIA GLADIATORS vs LOS ANGELES SEALS

Created - 14 mars 2021 at 20:06

Goals
1 2 3 T
VICTORIA GLADIATORS 0 3 0 3
LOS ANGELES SEALS 1 1 2 4
Shots
1 2 3 T
VICTORIA GLADIATORS 8 8 12 28
LOS ANGELES SEALS 9 5 9 23

1st period

1. LOS ANGELES SEALS , Kevin Rooney 4 (Austin Watson 3, Emil Bemstrom 3) at 3:49

Penalties :
Marcus Pettersson (LOS) for Hooking (Minor) at 16:59, Carter Hart (VIC) for Delaying the game (Minor) at 19:29 - Derek Grant served the penalty.

2nd period

2. VICTORIA GLADIATORS , Brady Skjei 6 (Kyle Connor 35, Jakub Voracek 20) at 5:37
3. VICTORIA GLADIATORS , Mattias Janmark 7 (Andrew Cogliano 2, Brady Skjei 15) at 9:41
4. VICTORIA GLADIATORS , Jaden Schwartz 20 (Bryan Rust 30, Mikael Backlund 21) at 15:16
5. LOS ANGELES SEALS , Tyler Johnson 13 (Noah Dobson 3, Darren Helm 10) at 18:53

Penalties :
Patrick Maroon (LOS) for Interference (Minor) at 13:02, Nick Holden (VIC) for Hooking (Minor) at 13:02

3rd period

6. LOS ANGELES SEALS , Marcus Johansson 8 (Jack Roslovic 13, Jeff Carter 14) at 1:12
7. LOS ANGELES SEALS , Marcus Johansson 9 (Noah Dobson 4, Jack Roslovic 14) at 14:46

Penalties :
Marcus Pettersson (LOS) for Tripping (Minor) at 15:11

Goalie Stats

Carter Hart (VIC), 19 saves from 23 shots - (0,826), L, 22-13-0, 59:01 minutes
Carter Hutton (LOS), 25 saves from 28 shots - (0,893), W, 8-22-1, 60:00 minutes

Players Stats for VICTORIA GLADIATORS

Player Name              G  A  P  +/- PIM S  H  SB GA TA FO     MP     PP MP  PK MP  
------------------------------------------------------------------------------------
Andrew Cogliano          0  1  1   1  0   0  1  0  0  0  0/1     5:21   0:00   0:47 
Anze Kopitar             0  0  0   0  0   4  0  0  0  0  21/25  21:38   2:15   0:00 
Brady Skjei              1  1  2  -1  0   2  2  2  0  0  0/0    21:39   2:10   0:00 
Bryan Rust               0  1  1  -1  0   5  1  0  0  0  1/2    18:55   1:43   0:00 
Conor Garland            0  0  0  -1  0   1  0  0  0  0  1/1    13:12   0:00   0:00 
Derek Grant              0  0  0  -1  0   0  1  0  0  0  10/15  12:12   0:00   0:00 
Duncan Keith             0  0  0   0  0   1  1  0  0  0  0/0    22:21   0:00   0:53 
Esa Lindell              0  0  0   0  0   0  0  0  0  0  0/0    22:21   0:00   0:53 
Jaden Schwartz           1  0  1  -1  0   5  1  0  0  0  0/1    19:53   1:43   1:16 
Jakub Voracek            0  1  1   0  0   0  0  0  0  0  0/1    21:38   2:15   0:00 
Jared McCann             0  0  0  -1  0   0  0  0  0  0  1/2    12:54   0:00   0:00 
Johan Larsson            0  0  0   1  0   0  0  0  0  0  5/6     5:17   0:00   0:43 
Kyle Connor              0  1  1   0  0   1  1  0  0  0  0/1    20:21   2:15   0:00 
Mattias Janmark          1  0  1   1  0   1  0  0  0  0  0/1     5:46   0:00   1:12 
Mikael Backlund          0  1  1  -1  0   4  0  0  0  0  16/25  18:55   1:43   0:00 
Nick Holden              0  0  0   0  2   1  1  0  0  0  0/0    15:16   1:48   1:06 
Nikita Zaitsev           0  0  0  -1  0   0  4  1  0  0  0/0    21:40   2:10   0:00 
Torey Krug               0  0  0   0  0   3  0  0  0  0  0/0    16:42   1:48   1:06 

Players Stats for LOS ANGELES SEALS

Player Name              G  A  P  +/- PIM S  H  SB GA TA FO     MP     PP MP  PK MP  
------------------------------------------------------------------------------------
Adam Boqvist             0  0  0  -1  0   1  1  1  0  0  0/0    16:24   0:00   1:29 
Antti Suomela            0  0  0  -1  0   0  0  0  0  0  0/0    11:02   0:00   0:00 
Austin Watson            0  1  1   0  0   1  1  0  0  0  0/0     9:06   0:00   0:00 
Chris Conner             0  0  0   0  0   0  0  0  0  0  9/24   15:38   0:00   0:00 
Darren Helm              0  1  1   0  0   0  0  0  0  0  1/2    18:15   1:29   0:00 
Emil Bemstrom            0  1  1   0  0   0  0  0  0  0  0/1     8:25   0:00   0:00 
Jack Roslovic            0  2  2   2  0   0  0  0  0  0  5/18   20:07   0:30   2:38 
Jeff Carter              0  1  1   2  0   6  0  1  0  0  0/0    18:56   0:30   1:20 
Kevin Rooney             1  0  1   0  0   3  0  0  0  0  1/4     8:25   0:00   0:00 
Marcus Johansson         2  0  2   2  0   7  3  0  0  0  1/3    19:12   1:29   0:00 
Marcus Pettersson        0  0  0   1  4   0  1  3  0  0  0/0    22:46   1:29   0:00 
Nate Prosser             0  0  0  -1  0   0  2  0  0  0  0/0    17:50   0:30   1:59 
Noah Dobson              0  2  2   1  0   1  2  1  0  0  0/0    17:29   0:00   0:48 
Patrick Maroon           0  0  0  -1  2   1  1  0  0  0  2/5    13:50   1:29   1:20 
Ryan Murray              0  0  0   1  0   0  1  1  0  0  0/0    23:27   1:29   2:41 
Shayne Gostisbehere      0  0  0   1  0   0  0  2  0  0  0/0    22:02   0:30   0:59 
Turner Elson             0  0  0  -1  0   0  0  0  0  0  5/16   11:02   0:00   0:00 
Tyler Johnson            1  0  1   0  0   3  1  0  0  0  2/8    20:04   0:30   2:38 

3 Stars

1 - Marcus Johansson (LOS)
2 - Noah Dobson (LOS)
3 - Jack Roslovic (LOS)

Power Play

VICTORIA GLADIATORS - 0 on 2 Attempt(s) - 0,00%
LOS ANGELES SEALS - 0 on 1 Attempt(s) - 0,00%

Penalty Kill

VICTORIA GLADIATORS - 1 on 1 Attempt(s) - 100,00% - Score 0 goal in Penalty Kill
LOS ANGELES SEALS - 2 on 2 Attempt(s) - 100,00% - Score 0 goal in Penalty Kill

Team Stat

VICTORIA GLADIATORS - Hits : 13 - Faceoff Wins : 55 - Blocked Shots : 3 - Penalty Minutes : 4
LOS ANGELES SEALS - Hits : 13 - Faceoff Wins : 26 - Blocked Shots : 9 - Penalty Minutes : 6

Official

Referees : Mike Campbell and Jake Brenk
Linesman : Justin Cornell and Greg Devorski

Game Notes

No Game Note

Finance

Level 1 -- Attendance: 6000 (100,00%) -- Ticket Income 900 000 $
Level 2 -- Attendance: 5000 (100,00%) -- Ticket Income 495 000 $
Level 3 -- Attendance: 2000 (100,00%) -- Ticket Income 168 000 $
Level 4 -- Attendance: 2982 (74,55%) -- Ticket Income 238 560 $
Luxury Box -- Attendance: 867 (86,70%) -- Ticket Income 260 100 $
Total Attendance: 16849 (93,61%)
Total Ticket Income: 2 061 660 $
Other Expense: 20 617 $
Total Income: 2 041 043 $

VICTORIA GLADIATORS

5 vs 5 Forward 
   Center                   Left Wing                Right Wing               Time % Phy DF OF 
 1 Anze Kopitar             Kyle Connor              Jakub Voracek            36     0   1  4  
 2 Mikael Backlund          Jaden Schwartz           Bryan Rust               34     1   1  3  
 3 Derek Grant              Jared McCann             Conor Garland            24     0   2  3  
 4 Johan Larsson            Andrew Cogliano          Mattias Janmark          6      1   2  2  

5 vs 5 Defense 
   Defense                  Defense                                           Time % Phy DF OF 
 1 Duncan Keith             Esa Lindell                                       40     0   3  2  
 2 Brady Skjei              Nikita Zaitsev                                    35     0   3  2  
 3 Torey Krug               Nick Holden                                       25     0   3  2  
 4 Duncan Keith             Esa Lindell                                       0      0   3  2  

PowerPlay Forward 
   Center                   Left Wing                Right Wing               Time % Phy DF OF 
 1 Anze Kopitar             Kyle Connor              Jakub Voracek            50     1   1  3  
 2 Mikael Backlund          Jaden Schwartz           Bryan Rust               50     1   1  3  

PowerPlay Defense
   Defense                  Defense                                           Time % Phy DF OF 
 1 Brady Skjei              Nikita Zaitsev                                    50     1   1  3  
 2 Torey Krug               Nick Holden                                       50     1   1  3  

Penalty Kill 4 Players Forward 
   Center                   Wing                     Time % Phy DF OF 
 1 Johan Larsson            Mattias Janmark          50     0   4  1  
 2 Derek Grant              Jaden Schwartz           50     0   4  1  

Penalty Kill 4 Players Defense
   Defense                  Defense                  Time % Phy DF OF 
 1 Duncan Keith             Esa Lindell              50     0   4  1  
 2 Torey Krug               Nick Holden              50     0   4  1  

Penalty Kill - 3 Players Forward 
   Forward                                           Time % Phy DF OF 
 1 Johan Larsson                                     50     0   4  1  
 2 Derek Grant                                       50     0   4  1  

Penalty Kill - 3 Players Defense
   Defense                  Defense                  Time % Phy DF OF 
 1 Duncan Keith             Esa Lindell              50     0   4  1  
 2 Brady Skjei              Nikita Zaitsev           50     0   4  1  

4 vs 4 Forward 
   Center                   Wing                     Time % Phy DF OF 
 1 Anze Kopitar             Jakub Voracek            50     0   2  3  
 2 Jared McCann             Conor Garland            50     0   2  3  

4 vs 4 Defense
   Defense                  Defense                  Time % Phy DF OF 
 1 Torey Krug               Nick Holden              50     0   2  3  
 2 Brady Skjei              Nikita Zaitsev           50     0   2  3  

Last Minutes Offensive
   Center                   Left Wing                Right Wing               Defense                  Defense                  
   Anze Kopitar             Kyle Connor              Bryan Rust               Duncan Keith             Esa Lindell              

Last Minutes Defensive
   Center                   Left Wing                Right Wing               Defense                  Defense                  
   Mikael Backlund          Jaden Schwartz           Mattias Janmark          Brady Skjei              Nikita Zaitsev           

Goaltenders
Starting : Carter Hart              
Backup : Robin Lehner             

Extra Forwards
Normal : Jakub Voracek, Conor Garland, Mikael Backlund - PP : Conor Garland, Jared McCann - PK : Andrew Cogliano
Extra Defensemen
Normal : Torey Krug, Nick Holden, Nikita Zaitsev - PP : Duncan Keith - PK : Esa Lindell, Torey Krug
Penalty Shots
Anze Kopitar, Bryan Rust, Kyle Connor, Jaden Schwartz, Jakub Voracek
Custom OT Lines Forwards
Anze Kopitar, Bryan Rust, Kyle Connor, Jaden Schwartz, Jakub Voracek, Mikael Backlund, Jared McCann, Conor Garland, Mattias Janmark, Johan Larsson
Custom OT Lines Defensemen
Duncan Keith, Esa Lindell, Brady Skjei, Nick Holden, Torey Krug

Scratches
None

LOS ANGELES SEALS

5 vs 5 Forward 
   Center                   Left Wing                Right Wing               Time % Phy DF OF 
 1 Jack Roslovic            Marcus Johansson         Jeff Carter              36     1   2  2  
 2 Chris Conner             Tyler Johnson            Darren Helm              31     1   2  2  
 3 Turner Elson             Patrick Maroon           Antti Suomela            23     1   2  2  
 4 Kevin Rooney             Austin Watson            Emil Bemstrom            10     1   2  2  

5 vs 5 Defense 
   Defense                  Defense                                           Time % Phy DF OF 
 1 Ryan Murray              Marcus Pettersson                                 36     1   2  2  
 2 Noah Dobson              Shayne Gostisbehere                               31     1   2  2  
 3 Nate Prosser             Adam Boqvist                                      23     1   2  2  
 4 Shayne Gostisbehere      Marcus Pettersson                                 10     1   2  2  

PowerPlay Forward 
   Center                   Left Wing                Right Wing               Time % Phy DF OF 
 1 Patrick Maroon           Marcus Johansson         Darren Helm              55     1   2  2  
 2 Jack Roslovic            Tyler Johnson            Jeff Carter              45     1   2  2  

PowerPlay Defense
   Defense                  Defense                                           Time % Phy DF OF 
 1 Ryan Murray              Marcus Pettersson                                 55     1   2  2  
 2 Nate Prosser             Shayne Gostisbehere                               45     1   2  2  

Penalty Kill 4 Players Forward 
   Center                   Wing                     Time % Phy DF OF 
 1 Tyler Johnson            Jack Roslovic            55     1   2  2  
 2 Patrick Maroon           Jeff Carter              45     1   2  2  

Penalty Kill 4 Players Defense
   Defense                  Defense                  Time % Phy DF OF 
 1 Ryan Murray              Marcus Pettersson        55     1   2  2  
 2 Nate Prosser             Shayne Gostisbehere      45     1   2  2  

Penalty Kill - 3 Players Forward 
   Forward                                           Time % Phy DF OF 
 1 Jeff Carter                                       55     1   2  2  
 2 Patrick Maroon                                    45     1   2  2  

Penalty Kill - 3 Players Defense
   Defense                  Defense                  Time % Phy DF OF 
 1 Ryan Murray              Marcus Pettersson        55     1   2  2  
 2 Nate Prosser             Shayne Gostisbehere      45     1   2  2  

4 vs 4 Forward 
   Center                   Wing                     Time % Phy DF OF 
 1 Patrick Maroon           Marcus Johansson         55     1   2  2  
 2 Tyler Johnson            Jeff Carter              45     1   2  2  

4 vs 4 Defense
   Defense                  Defense                  Time % Phy DF OF 
 1 Ryan Murray              Marcus Pettersson        55     1   2  2  
 2 Nate Prosser             Shayne Gostisbehere      45     1   2  2  

Last Minutes Offensive
   Center                   Left Wing                Right Wing               Defense                  Defense                  
   Jack Roslovic            Marcus Johansson         Jeff Carter              Ryan Murray              Marcus Pettersson        

Last Minutes Defensive
   Center                   Left Wing                Right Wing               Defense                  Defense                  
   Jack Roslovic            Marcus Johansson         Jeff Carter              Ryan Murray              Marcus Pettersson        

Goaltenders
Starting : Carter Hutton            
Backup : Casey DeSmith            

Extra Forwards
Normal : Patrick Maroon, Jeff Carter, Tyler Johnson - PP : Patrick Maroon, Tyler Johnson - PK : Patrick Maroon
Extra Defensemen
Normal : Nate Prosser, Marcus Pettersson, Shayne Gostisbehere - PP : Nate Prosser - PK : Nate Prosser, Marcus Pettersson
Penalty Shots
Marcus Johansson, Jack Roslovic, Patrick Maroon, Jeff Carter, Tyler Johnson
Custom OT Lines Forwards
Jack Roslovic, Marcus Johansson, Jeff Carter, Austin Watson, Tyler Johnson, Patrick Maroon, Antti Suomela, Chris Conner, Kevin Rooney, Emil Bemstrom
Custom OT Lines Defensemen
Ryan Murray, Marcus Pettersson, Noah Dobson, Shayne Gostisbehere, Nate Prosser

Scratches
Bo Horvat (Healthy), Jonathan Ericsson (Back Injury), Lukas Radil (Healthy), Frank Corrado (Healthy), Daniel Vladar (Healthy)

% Time on Ice - VICTORIA GLADIATORS

Lines # - Real PCT - Wanted PCT - Time Play
Normal Forward
1 - 35% - 36% - 18:06
2 - 33% - 34% - 16:54
3 - 24% - 24% - 12:12
4 - 9% - 6% - 4:34
Normal Defense
1 - 39% - 40% - 20:25
2 - 35% - 35% - 18:13
3 - 24% - 25% - 12:23
4 - 1% - 0% - 0:45
PP Forward
1 - 57% - 50% - 2:15
2 - 43% - 50% - 1:43
PP Defense
1 - 55% - 50% - 2:10
2 - 45% - 50% - 1:48
PK Forward
1 - 36% - 50% - 0:43
2 - 64% - 50% - 1:16
PK Defense
1 - 45% - 50% - 0:53
2 - 55% - 50% - 1:06
PK3 Forward
1 - 0% - 50%
2 - 0% - 50%
PK3 Defense
1 - 0% - 50%
2 - 0% - 50%
44 Forward
1 - 65% - 50% - 1:17
2 - 35% - 50% - 0:42
44 Defense
1 - 71% - 50% - 1:25
2 - 29% - 50% - 0:34
Last Minute Offensive  - 0:18
Last Minute Defensive  - 0:00
Total
Forward - 60:00
Defense - 60:00

% Time on Ice - LOS ANGELES SEALS

Lines # - Real PCT - Wanted PCT - Time Play
Normal Forward
1 - 33% - 36% - 16:59
2 - 30% - 31% - 15:38
3 - 21% - 23% - 11:02
4 - 16% - 10% - 8:25
Normal Defense
1 - 37% - 36% - 19:10
2 - 31% - 31% - 15:57
3 - 26% - 23% - 13:29
4 - 7% - 10% - 3:28
PP Forward
1 - 75% - 55% - 1:29
2 - 25% - 45% - 0:30
PP Defense
1 - 75% - 55% - 1:29
2 - 25% - 45% - 0:30
PK Forward
1 - 66% - 55% - 2:38
2 - 34% - 45% - 1:20
PK Defense
1 - 75% - 55% - 2:59
2 - 25% - 45% - 0:59
PK3 Forward
1 - 0% - 55%
2 - 0% - 45%
PK3 Defense
1 - 0% - 55%
2 - 0% - 45%
44 Forward
1 - 100% - 55% - 1:59
2 - 0% - 45% - 0:00
44 Defense
1 - 43% - 55% - 0:51
2 - 57% - 45% - 1:08
Last Minute Offensive  - 0:00
Last Minute Defensive  - 0:00
Total
Forward - 60:00
Defense - 60:00

Play-by-Play

1st period


0:01 of 1st period - Anze Kopitar wins face-off versus Jack Roslovic in neutral zone.
0:18 of 1st period - Kyle Connor is hit by Ryan Murray and loses puck.
0:26 of 1st period - Jeff Carter is hit by Duncan Keith and loses puck.
0:51 of 1st period - Marcus Pettersson is hit by Kyle Connor and loses puck.
1:21 of 1st period - Icing by Shayne Gostisbehere.
1:22 of 1st period - Mikael Backlund wins face-off versus Chris Conner in LOS ANGELES SEALS zone.
1:27 of 1st period - Shot by Bryan Rust.
1:27 of 1st period - Shot Hit the Post.
2:05 of 1st period - Shot by Jaden Schwartz.
2:05 of 1st period - Stopped by Carter Hutton without a rebound.
2:06 of 1st period - Jared McCann wins face-off versus Turner Elson in LOS ANGELES SEALS zone.
2:06 of 1st period - Conor Garland is hit by Adam Boqvist and loses puck.
3:43 of 1st period - Shot by Emil Bemstrom.
3:43 of 1st period - Deflect By Austin Watson.
3:43 of 1st period - Shot Blocked by Brady Skjei.
3:49 of 1st period - Shot by Kevin Rooney.
3:49 of 1st period - Goal by Kevin Rooney - VICTORIA GLADIATORS : 0 - LOS ANGELES SEALS : 1.
3:50 of 1st period - Jack Roslovic wins face-off versus Kyle Connor in neutral zone.
4:30 of 1st period - Icing by Brady Skjei.
4:31 of 1st period - Anze Kopitar wins face-off versus Chris Conner in VICTORIA GLADIATORS zone.
4:49 of 1st period - Shot by Darren Helm.
4:49 of 1st period - Shot Misses the Net.
6:03 of 1st period - Icing by Bryan Rust.
6:04 of 1st period - Mikael Backlund wins face-off versus Jack Roslovic in VICTORIA GLADIATORS zone.
6:04 of 1st period - Mikael Backlund is hit by Marcus Johansson.
6:28 of 1st period - Shot by Jeff Carter.
6:28 of 1st period - Shot Misses the Net.
6:30 of 1st period - Shot by Shayne Gostisbehere.
6:30 of 1st period - Deflect By Jeff Carter.
6:30 of 1st period - Stopped by Carter Hart without a rebound.
6:31 of 1st period - Derek Grant wins face-off versus Turner Elson in VICTORIA GLADIATORS zone.
6:44 of 1st period - Shot by Derek Grant.
6:44 of 1st period - Shot Misses the Net.
6:56 of 1st period - Shot by Patrick Maroon.
6:56 of 1st period - Shot Misses the Net.
6:58 of 1st period - Shot by Adam Boqvist.
6:58 of 1st period - Stopped by Carter Hart without a rebound.
6:59 of 1st period - Anze Kopitar wins face-off versus Marcus Johansson in VICTORIA GLADIATORS zone.
7:01 of 1st period - Icing by Kyle Connor.
7:02 of 1st period - Anze Kopitar wins face-off versus Jack Roslovic in VICTORIA GLADIATORS zone.
7:15 of 1st period - Shot by Anze Kopitar.
7:15 of 1st period - Stopped by Carter Hutton with a rebound.
7:23 of 1st period - Shot by Marcus Johansson.
7:23 of 1st period - Stopped by Carter Hart with a rebound.
7:26 of 1st period - Marcus Johansson is hit by Nikita Zaitsev and loses puck.
8:01 of 1st period - Austin Watson is hit by Nikita Zaitsev and loses puck.
8:26 of 1st period - Shot by Austin Watson.
8:26 of 1st period - Shot Misses the Net.
8:55 of 1st period - Icing by Nick Holden.
8:56 of 1st period - Derek Grant wins face-off versus Chris Conner in VICTORIA GLADIATORS zone.
9:03 of 1st period - Shot by Conor Garland.
9:03 of 1st period - Stopped by Carter Hutton without a rebound.
9:04 of 1st period - Chris Conner wins face-off versus Mikael Backlund in LOS ANGELES SEALS zone.
9:04 of 1st period - Chris Conner is hit by Bryan Rust.
9:15 of 1st period - Icing by Esa Lindell.
9:16 of 1st period - Jack Roslovic wins face-off versus Jaden Schwartz in VICTORIA GLADIATORS zone.
9:21 of 1st period - Shot by Marcus Johansson.
9:21 of 1st period - Stopped by Carter Hart without a rebound.
9:22 of 1st period - Derek Grant wins face-off versus Jack Roslovic in VICTORIA GLADIATORS zone.
9:37 of 1st period - Icing by Nick Holden.
9:38 of 1st period - Conor Garland wins face-off versus Turner Elson in VICTORIA GLADIATORS zone.
9:38 of 1st period - Conor Garland is hit by Patrick Maroon.
10:15 of 1st period - Icing by Adam Boqvist.
10:16 of 1st period - Mikael Backlund wins face-off versus Turner Elson in LOS ANGELES SEALS zone.
10:24 of 1st period - Shot by Bryan Rust.
10:24 of 1st period - Shot Misses the Net.
10:30 of 1st period - Shot by Bryan Rust.
10:30 of 1st period - Shot Misses the Net.
10:32 of 1st period - Shot by Bryan Rust.
10:32 of 1st period - Shot Misses the Net.
10:34 of 1st period - Shot by Bryan Rust.
10:34 of 1st period - Stopped by Carter Hutton without a rebound.
10:35 of 1st period - Johan Larsson wins face-off versus Chris Conner in LOS ANGELES SEALS zone.
11:53 of 1st period - Shot by Marcus Johansson.
11:53 of 1st period - Shot Misses the Net.
11:59 of 1st period - Shot by Jeff Carter.
11:59 of 1st period - Deflect By Marcus Johansson.
11:59 of 1st period - Stopped by Carter Hart with a rebound.
12:15 of 1st period - Shot by Kevin Rooney.
12:15 of 1st period - Stopped by Carter Hart without a rebound.
12:16 of 1st period - Turner Elson wins face-off versus Mikael Backlund in VICTORIA GLADIATORS zone.
12:41 of 1st period - Shot by Mikael Backlund.
12:41 of 1st period - Stopped by Carter Hutton without a rebound.
12:42 of 1st period - Chris Conner wins face-off versus Derek Grant in LOS ANGELES SEALS zone.
12:42 of 1st period - Chris Conner is hit by Derek Grant.
12:47 of 1st period - Off-side.
12:48 of 1st period - Derek Grant wins face-off versus Jack Roslovic in neutral zone.
13:31 of 1st period - Shot by Jeff Carter.
13:31 of 1st period - Stopped by Carter Hart without a rebound.
13:32 of 1st period - Mikael Backlund wins face-off versus Chris Conner in VICTORIA GLADIATORS zone.
13:34 of 1st period - Icing by Bryan Rust.
13:35 of 1st period - Chris Conner wins face-off versus Mikael Backlund in VICTORIA GLADIATORS zone.
13:38 of 1st period - Shot by Darren Helm.
13:38 of 1st period - Shot Misses the Net.
13:51 of 1st period - Icing by Noah Dobson.
13:52 of 1st period - Anze Kopitar wins face-off versus Chris Conner in LOS ANGELES SEALS zone.
13:52 of 1st period - Jakub Voracek is hit by Noah Dobson and loses puck.
14:17 of 1st period - Shot by Kyle Connor.
14:17 of 1st period - Shot Misses the Net.
14:36 of 1st period - Icing by Duncan Keith.
14:37 of 1st period - Anze Kopitar wins face-off versus Jack Roslovic in VICTORIA GLADIATORS zone.
15:11 of 1st period - Shot by Bryan Rust.
15:11 of 1st period - Stopped by Carter Hutton without a rebound.
15:12 of 1st period - Derek Grant wins face-off versus Emil Bemstrom in LOS ANGELES SEALS zone.
15:40 of 1st period - Icing by Kevin Rooney.
15:41 of 1st period - Mikael Backlund wins face-off versus Kevin Rooney in LOS ANGELES SEALS zone.
15:44 of 1st period - Shot by Jaden Schwartz.
15:44 of 1st period - Shot Misses the Net.
16:06 of 1st period - Shot by Bryan Rust.
16:06 of 1st period - Shot Misses the Net.
16:14 of 1st period - Shot by Mikael Backlund.
16:14 of 1st period - Deflect By Jaden Schwartz.
16:14 of 1st period - Shot Misses the Net.
16:16 of 1st period - Shot by Mikael Backlund.
16:16 of 1st period - Stopped by Carter Hutton without a rebound.
16:17 of 1st period - Anze Kopitar wins face-off versus Turner Elson in LOS ANGELES SEALS zone.
16:59 of 1st period - Minor Penalty to Marcus Pettersson for Hooking.
17:00 of 1st period - Tyler Johnson wins face-off versus Bryan Rust in LOS ANGELES SEALS zone.
17:44 of 1st period - Shot by Brady Skjei.
17:44 of 1st period - Stopped by Carter Hutton without a rebound.
17:45 of 1st period - Anze Kopitar wins face-off versus Patrick Maroon in LOS ANGELES SEALS zone.
17:46 of 1st period - Shot by Kyle Connor.
17:46 of 1st period - Deflect By Anze Kopitar.
17:46 of 1st period - Shot Misses the Net.
17:52 of 1st period - Shot by Kyle Connor.
17:52 of 1st period - Shot Hit the Post.
17:54 of 1st period - Shot by Anze Kopitar.
17:54 of 1st period - Shot Blocked by Jeff Carter.
18:04 of 1st period - Shot by Kyle Connor.
18:04 of 1st period - Shot Misses the Net.
18:06 of 1st period - Shot by Jakub Voracek.
18:06 of 1st period - Shot Hit the Post.
18:08 of 1st period - Shot by Torey Krug.
18:08 of 1st period - Shot Misses the Net.
19:29 of 1st period - Shot by Austin Watson.
19:29 of 1st period - Stopped by Carter Hart without a rebound.
19:29 of 1st period - Minor Penalty to Carter Hart for Delaying the game.
19:30 of 1st period - Johan Larsson wins face-off versus Patrick Maroon in VICTORIA GLADIATORS zone.
19:48 of 1st period - Off-side.
19:49 of 1st period - Johan Larsson wins face-off versus Jack Roslovic in neutral zone.
Goals for this period are 0 for VICTORIA GLADIATORS vs 1 for LOS ANGELES SEALS.
Shots for this period are 8 for VICTORIA GLADIATORS vs 9 for LOS ANGELES SEALS.

2nd period


0:01 of 2nd period - Patrick Maroon wins face-off versus Andrew Cogliano in neutral zone.
1:58 of 2nd period - Austin Watson is hit by Nikita Zaitsev and loses puck.
2:21 of 2nd period - Shot by Marcus Johansson.
2:21 of 2nd period - Shot Misses the Net.
2:27 of 2nd period - Shot by Jeff Carter.
2:27 of 2nd period - Shot Blocked by Brady Skjei.
2:29 of 2nd period - Shot by Marcus Johansson.
2:29 of 2nd period - Shot Blocked by Nikita Zaitsev.
2:31 of 2nd period - Shot by Jeff Carter.
2:31 of 2nd period - Stopped by Carter Hart without a rebound.
2:32 of 2nd period - Derek Grant wins face-off versus Tyler Johnson in VICTORIA GLADIATORS zone.
3:40 of 2nd period - Shot by Jaden Schwartz.
3:40 of 2nd period - Stopped by Carter Hutton without a rebound.
3:41 of 2nd period - Bryan Rust wins face-off versus Turner Elson in LOS ANGELES SEALS zone.
3:50 of 2nd period - Shot by Jaden Schwartz.
3:50 of 2nd period - Shot Misses the Net.
4:55 of 2nd period - Off-side.
4:56 of 2nd period - Jack Roslovic wins face-off versus Mattias Janmark in neutral zone.
5:17 of 2nd period - Shot by Jeff Carter.
5:17 of 2nd period - Stopped by Carter Hart without a rebound.
5:18 of 2nd period - Kevin Rooney wins face-off versus Jakub Voracek in VICTORIA GLADIATORS zone.
5:19 of 2nd period - Shot by Austin Watson.
5:19 of 2nd period - Shot Misses the Net.
5:35 of 2nd period - Shot by Kyle Connor.
5:35 of 2nd period - Shot Misses the Net.
5:37 of 2nd period - Shot by Brady Skjei.
5:37 of 2nd period - Goal by Brady Skjei - VICTORIA GLADIATORS : 1 - LOS ANGELES SEALS : 1.
5:38 of 2nd period - Mikael Backlund wins face-off versus Jack Roslovic in neutral zone.
5:38 of 2nd period - Mikael Backlund is hit by Marcus Johansson.
5:46 of 2nd period - Shot by Marcus Johansson.
5:46 of 2nd period - Stopped by Carter Hart without a rebound.
5:47 of 2nd period - Mikael Backlund wins face-off versus Jack Roslovic in VICTORIA GLADIATORS zone.
6:31 of 2nd period - Shot by Jaden Schwartz.
6:31 of 2nd period - Stopped by Carter Hutton without a rebound.
6:32 of 2nd period - Anze Kopitar wins face-off versus Chris Conner in LOS ANGELES SEALS zone.
7:14 of 2nd period - Shot by Anze Kopitar.
7:14 of 2nd period - Stopped by Carter Hutton without a rebound.
7:15 of 2nd period - Turner Elson wins face-off versus Mikael Backlund in LOS ANGELES SEALS zone.
7:43 of 2nd period - Mikael Backlund is hit by Nate Prosser and loses puck.
9:13 of 2nd period - Shot by Anze Kopitar.
9:13 of 2nd period - Stopped by Carter Hutton without a rebound.
9:14 of 2nd period - Johan Larsson wins face-off versus Tyler Johnson in LOS ANGELES SEALS zone.
9:41 of 2nd period - Shot by Mattias Janmark.
9:41 of 2nd period - Goal by Mattias Janmark - VICTORIA GLADIATORS : 2 - LOS ANGELES SEALS : 1.
9:42 of 2nd period - Mikael Backlund wins face-off versus Kevin Rooney in neutral zone.
10:23 of 2nd period - Shot by Bryan Rust.
10:23 of 2nd period - Stopped by Carter Hutton without a rebound.
10:24 of 2nd period - Anze Kopitar wins face-off versus Marcus Johansson in LOS ANGELES SEALS zone.
11:01 of 2nd period - Shot by Kyle Connor.
11:01 of 2nd period - Shot Misses the Net.
11:20 of 2nd period - Icing by Jeff Carter.
11:21 of 2nd period - Mikael Backlund wins face-off versus Jack Roslovic in LOS ANGELES SEALS zone.
12:57 of 2nd period - Icing by Torey Krug.
12:58 of 2nd period - Turner Elson wins face-off versus Derek Grant in VICTORIA GLADIATORS zone.
12:58 of 2nd period - Patrick Maroon is hit by Nick Holden and loses puck.
13:02 of 2nd period - Minor Penalty to Patrick Maroon for Interference.
13:02 of 2nd period - Minor Penalty to Nick Holden for Hooking.
13:03 of 2nd period - Anze Kopitar wins face-off versus Tyler Johnson in VICTORIA GLADIATORS zone.
13:24 of 2nd period - Shot by Tyler Johnson.
13:24 of 2nd period - Shot Misses the Net.
13:36 of 2nd period - Shot by Tyler Johnson.
13:36 of 2nd period - Stopped by Carter Hart without a rebound.
13:37 of 2nd period - Darren Helm wins face-off versus Jared McCann in VICTORIA GLADIATORS zone.
14:44 of 2nd period - Shot by Anze Kopitar.
14:44 of 2nd period - Shot Misses the Net.
15:16 of 2nd period - Shot by Jaden Schwartz.
15:16 of 2nd period - Goal by Jaden Schwartz - VICTORIA GLADIATORS : 3 - LOS ANGELES SEALS : 1.
15:17 of 2nd period - Johan Larsson wins face-off versus Kevin Rooney in neutral zone.
15:17 of 2nd period - Johan Larsson is hit by Austin Watson.
16:10 of 2nd period - Off-side.
16:11 of 2nd period - Anze Kopitar wins face-off versus Turner Elson in neutral zone.
16:15 of 2nd period - Off-side.
16:16 of 2nd period - Anze Kopitar wins face-off versus Chris Conner in neutral zone.
16:36 of 2nd period - Icing by Darren Helm.
16:37 of 2nd period - Chris Conner wins face-off versus Mikael Backlund in LOS ANGELES SEALS zone.
16:37 of 2nd period - Chris Conner is hit by Jaden Schwartz.
16:59 of 2nd period - Icing by Torey Krug.
17:00 of 2nd period - Mikael Backlund wins face-off versus Jack Roslovic in VICTORIA GLADIATORS zone.
17:00 of 2nd period - Bryan Rust is hit by Marcus Johansson and loses puck.
17:34 of 2nd period - Bryan Rust is hit by Nate Prosser.
18:16 of 2nd period - Off-side.
18:17 of 2nd period - Derek Grant wins face-off versus Chris Conner in neutral zone.
18:53 of 2nd period - Shot by Tyler Johnson.
18:53 of 2nd period - Goal by Tyler Johnson - VICTORIA GLADIATORS : 3 - LOS ANGELES SEALS : 2.
18:54 of 2nd period - Anze Kopitar wins face-off versus Turner Elson in neutral zone.
Goals for this period are 3 for VICTORIA GLADIATORS vs 1 for LOS ANGELES SEALS.
Shots for this period are 8 for VICTORIA GLADIATORS vs 5 for LOS ANGELES SEALS.

3rd period


0:01 of 3rd period - Chris Conner wins face-off versus Mikael Backlund in neutral zone.
0:28 of 3rd period - Jaden Schwartz is hit by Tyler Johnson and loses puck.
1:10 of 3rd period - Shot by Jeff Carter.
1:10 of 3rd period - Shot Misses the Net.
1:12 of 3rd period - Shot by Jack Roslovic.
1:12 of 3rd period - Deflect By Marcus Johansson.
1:12 of 3rd period - Goal by Marcus Johansson - VICTORIA GLADIATORS : 3 - LOS ANGELES SEALS : 3.
1:13 of 3rd period - Patrick Maroon wins face-off versus Anze Kopitar in neutral zone.
1:19 of 3rd period - Icing by Esa Lindell.
1:20 of 3rd period - Anze Kopitar wins face-off versus Turner Elson in VICTORIA GLADIATORS zone.
1:24 of 3rd period - Icing by Kyle Connor.
1:25 of 3rd period - Anze Kopitar wins face-off versus Jack Roslovic in VICTORIA GLADIATORS zone.
1:52 of 3rd period - Shot by Jakub Voracek.
1:52 of 3rd period - Shot Blocked by Marcus Pettersson.
2:12 of 3rd period - Shot by Anze Kopitar.
2:12 of 3rd period - Shot Misses the Net.
2:14 of 3rd period - Shot by Duncan Keith.
2:14 of 3rd period - Stopped by Carter Hutton without a rebound.
2:15 of 3rd period - Chris Conner wins face-off versus Mikael Backlund in LOS ANGELES SEALS zone.
2:19 of 3rd period - Icing by Tyler Johnson.
2:20 of 3rd period - Mikael Backlund wins face-off versus Chris Conner in LOS ANGELES SEALS zone.
2:30 of 3rd period - Shot by Mikael Backlund.
2:30 of 3rd period - Shot Misses the Net.
2:32 of 3rd period - Shot by Bryan Rust.
2:32 of 3rd period - Shot Blocked by Shayne Gostisbehere.
2:34 of 3rd period - Shot by Bryan Rust.
2:34 of 3rd period - Deflect By Jaden Schwartz.
2:34 of 3rd period - Shot Misses the Net.
2:36 of 3rd period - Shot by Nick Holden.
2:36 of 3rd period - Stopped by Carter Hutton without a rebound.
2:37 of 3rd period - Derek Grant wins face-off versus Turner Elson in LOS ANGELES SEALS zone.
2:38 of 3rd period - Shot by Conor Garland.
2:38 of 3rd period - Shot Misses the Net.
2:40 of 3rd period - Shot by Conor Garland.
2:40 of 3rd period - Shot Misses the Net.
2:46 of 3rd period - Shot by Patrick Maroon.
2:46 of 3rd period - Stopped by Carter Hart without a rebound.
2:47 of 3rd period - Mikael Backlund wins face-off versus Chris Conner in VICTORIA GLADIATORS zone.
2:55 of 3rd period - Icing by Noah Dobson.
2:56 of 3rd period - Derek Grant wins face-off versus Darren Helm in LOS ANGELES SEALS zone.
3:08 of 3rd period - Shayne Gostisbehere is hit by Brady Skjei and loses puck.
4:03 of 3rd period - Shot by Jack Roslovic.
4:03 of 3rd period - Shot Misses the Net.
4:20 of 3rd period - Jeff Carter is hit by Nikita Zaitsev and loses puck.
4:32 of 3rd period - Icing by Jared McCann.
4:33 of 3rd period - Turner Elson wins face-off versus Derek Grant in VICTORIA GLADIATORS zone.
4:33 of 3rd period - Turner Elson is hit by Brady Skjei.
6:03 of 3rd period - Shot by Jaden Schwartz.
6:03 of 3rd period - Shot Misses the Net.
6:07 of 3rd period - Shot by Mikael Backlund.
6:07 of 3rd period - Stopped by Carter Hutton without a rebound.
6:08 of 3rd period - Chris Conner wins face-off versus Johan Larsson in LOS ANGELES SEALS zone.
6:08 of 3rd period - Chris Conner is hit by Andrew Cogliano.
6:31 of 3rd period - Icing by Tyler Johnson.
6:32 of 3rd period - Mikael Backlund wins face-off versus Chris Conner in LOS ANGELES SEALS zone.
6:37 of 3rd period - Shot by Jaden Schwartz.
6:37 of 3rd period - Shot Misses the Net.
7:10 of 3rd period - Off-side.
7:11 of 3rd period - Jack Roslovic wins face-off versus Anze Kopitar in neutral zone.
7:32 of 3rd period - Shot by Jack Roslovic.
7:32 of 3rd period - Shot Misses the Net.
8:24 of 3rd period - Shot by Kevin Rooney.
8:24 of 3rd period - Stopped by Carter Hart with a rebound.
8:40 of 3rd period - Shot by Mikael Backlund.
8:40 of 3rd period - Shot Blocked by Shayne Gostisbehere.
8:50 of 3rd period - Shot by Bryan Rust.
8:50 of 3rd period - Shot Misses the Net.
8:52 of 3rd period - Shot by Bryan Rust.
8:52 of 3rd period - Deflect By Jaden Schwartz.
8:52 of 3rd period - Shot Hit the Post.
8:58 of 3rd period - Shot by Bryan Rust.
8:58 of 3rd period - Stopped by Carter Hutton without a rebound.
8:59 of 3rd period - Chris Conner wins face-off versus Derek Grant in LOS ANGELES SEALS zone.
9:04 of 3rd period - Shot by Tyler Johnson.
9:04 of 3rd period - Stopped by Carter Hart without a rebound.
9:05 of 3rd period - Chris Conner wins face-off versus Derek Grant in VICTORIA GLADIATORS zone.
10:20 of 3rd period - Shot by Jaden Schwartz.
10:20 of 3rd period - Stopped by Carter Hutton without a rebound.
10:21 of 3rd period - Jack Roslovic wins face-off versus Anze Kopitar in LOS ANGELES SEALS zone.
11:21 of 3rd period - Shot by Jaden Schwartz.
11:21 of 3rd period - Deflect By Bryan Rust.
11:21 of 3rd period - Stopped by Carter Hutton without a rebound.
11:22 of 3rd period - Turner Elson wins face-off versus Mikael Backlund in LOS ANGELES SEALS zone.
12:49 of 3rd period - Icing by Torey Krug.
12:50 of 3rd period - Derek Grant wins face-off versus Chris Conner in VICTORIA GLADIATORS zone.
13:42 of 3rd period - Shot by Jeff Carter.
13:42 of 3rd period - Shot Misses the Net.
13:44 of 3rd period - Shot by Jeff Carter.
13:44 of 3rd period - Stopped by Carter Hart with a rebound.
13:46 of 3rd period - Shot by Marcus Johansson.
13:46 of 3rd period - Stopped by Carter Hart without a rebound.
13:47 of 3rd period - Mikael Backlund wins face-off versus Turner Elson in VICTORIA GLADIATORS zone.
13:57 of 3rd period - Shot by Noah Dobson.
13:57 of 3rd period - Stopped by Carter Hart without a rebound.
13:58 of 3rd period - Marcus Johansson wins face-off versus Mikael Backlund in VICTORIA GLADIATORS zone.
14:09 of 3rd period - Shot by Jack Roslovic.
14:09 of 3rd period - Deflect By Jeff Carter.
14:09 of 3rd period - Stopped by Carter Hart without a rebound.
14:10 of 3rd period - Anze Kopitar wins face-off versus Chris Conner in VICTORIA GLADIATORS zone.
14:17 of 3rd period - Shot by Kyle Connor.
14:17 of 3rd period - Stopped by Carter Hutton without a rebound.
14:18 of 3rd period - Anze Kopitar wins face-off versus Jack Roslovic in LOS ANGELES SEALS zone.
14:18 of 3rd period - Anze Kopitar is hit by Noah Dobson.
14:44 of 3rd period - Shot by Marcus Johansson.
14:44 of 3rd period - Shot Misses the Net.
14:46 of 3rd period - Shot by Marcus Johansson.
14:46 of 3rd period - Goal by Marcus Johansson - VICTORIA GLADIATORS : 3 - LOS ANGELES SEALS : 4.
14:47 of 3rd period - Mikael Backlund wins face-off versus Chris Conner in neutral zone.
14:57 of 3rd period - Mikael Backlund is hit by Marcus Pettersson and loses puck.
15:06 of 3rd period - Shot by Jaden Schwartz.
15:06 of 3rd period - Shot Blocked by Marcus Pettersson.
15:08 of 3rd period - Shot by Jaden Schwartz.
15:08 of 3rd period - Shot Misses the Net.
15:11 of 3rd period - Minor Penalty to Marcus Pettersson for Tripping.
15:12 of 3rd period - Anze Kopitar wins face-off versus Tyler Johnson in LOS ANGELES SEALS zone.
15:17 of 3rd period - Shot by Anze Kopitar.
15:17 of 3rd period - Stopped by Carter Hutton without a rebound.
15:18 of 3rd period - Anze Kopitar wins face-off versus Tyler Johnson in LOS ANGELES SEALS zone.
15:45 of 3rd period - Shot by Kyle Connor.
15:45 of 3rd period - Shot Misses the Net.
15:47 of 3rd period - Shot by Nikita Zaitsev.
15:47 of 3rd period - Shot Blocked by Ryan Murray.
16:29 of 3rd period - Shot by Mikael Backlund.
16:29 of 3rd period - Shot Blocked by Noah Dobson.
16:31 of 3rd period - Shot by Mikael Backlund.
16:31 of 3rd period - Stopped by Carter Hutton without a rebound.
16:32 of 3rd period - Mikael Backlund wins face-off versus Patrick Maroon in LOS ANGELES SEALS zone.
16:53 of 3rd period - Shot by Bryan Rust.
16:53 of 3rd period - Shot Misses the Net.
16:55 of 3rd period - Shot by Torey Krug.
16:55 of 3rd period - Stopped by Carter Hutton without a rebound.
16:56 of 3rd period - Tyler Johnson wins face-off versus Anze Kopitar in LOS ANGELES SEALS zone.
18:33 of 3rd period - Shot by Torey Krug.
18:33 of 3rd period - Stopped by Carter Hutton with a rebound.
18:35 of 3rd period - Shot by Torey Krug.
18:35 of 3rd period - Shot Blocked by Adam Boqvist.
18:37 of 3rd period - Shot by Torey Krug.
18:37 of 3rd period - Stopped by Carter Hutton without a rebound.
18:38 of 3rd period - Anze Kopitar wins face-off versus Tyler Johnson in LOS ANGELES SEALS zone.
19:01 of 3rd period - VICTORIA GLADIATORS, Carter Hart is pulled from the net.
19:09 of 3rd period - Shot by Kyle Connor.
19:09 of 3rd period - Shot Blocked by Marcus Pettersson.
19:11 of 3rd period - Shot by Jakub Voracek.
19:11 of 3rd period - Shot Misses the Net.
19:13 of 3rd period - Shot by Anze Kopitar.
19:13 of 3rd period - Shot Misses the Net.
Goals for this period are 0 for VICTORIA GLADIATORS vs 2 for LOS ANGELES SEALS.
Shots for this period are 12 for VICTORIA GLADIATORS vs 9 for LOS ANGELES SEALS.


RYAN
NUGENT-HOPKINS
THATCHER
DEMKO
MITCHELL
MARNER

EAST COAST

HOCKEY LEAGUE

  • 13.MAN3PIT5
  • 14.NHW2ATL3
  • 15.PET5WOR4
  • 16.RHI30
  • 17.QUECHI
  • 18.CHALIM
  • 19.TRVLON
  • 20.CHWBAL